ORI
UNIVERSITY OF OKLAHOMA SOONERS @ UNIVERSITY OF ALABAMA CRIMSON TIDE
09/22/2048
 
TOP OF THE 1ST
University of Oklahoma Sooners batting - Pitching for University of Alabama Crimson Tide : RHP Marco Soto
Pitching: RHP Marco Soto
Batting: LHB Alex Benabides 0-0: Ball
1-0: Reached on error, E5 (Groundball, 5, EV 83.1 MPH)
Batting: RHB Jesus Montoya 0-0: Ball
1-0: Called Strike
Alex Benabides steals 2nd base
1-1: Ground out 4-3 (Groundball, 4M, EV 102.5 MPH)
Alex Benabides to third
Batting: RHB Jon Chatman 0-0: Ball
1-0: Ball
2-0: Foul Ball, location: 2F
2-1: Ball
3-1: Base on Balls
Batting: LHB Alex Gutierrez 0-0: Called Strike
Jon Chatman steals 2nd base
0-1: Fly out, F8 (Flyball, 8RD, EV 89.4 MPH)
Runner from 3rd tags up, SCORES, throw by CF
Jon Chatman to third
Batting: RHB Ruben Arreola 0-0: Ball
1-0: Ball
2-0: Foul Ball, location: 2F
2-1: Ground out 4-3 (Groundball, 4, EV 85.0 MPH)
Top of the 1st over - 1 run, 0 hits, 1 error, 1 left on base; University of Oklahoma 1 - University of Alabama 0
BOTTOM OF THE 1ST
University of Alabama Crimson Tide batting - Pitching for University of Oklahoma Sooners : RHP Elliot Bolitho
Pitching: RHP Elliot Bolitho
Batting: RHB B.J. Clark 0-0: Called Strike
0-1: Ball
1-1: Foul Ball, location: 2F
1-2: Ground out 5-3 (Groundball, 56S, EV 63.1 MPH)
Batting: LHB Brian Van 0-0: Ball
1-0: Ball
2-0: Foul Ball, location: 2F
2-1: Ball
3-1: Foul Ball, location: 2F
3-2: Foul Ball, location: 2F
3-2: Strikes out swinging
Batting: LHB Danny Schultz 0-0: Swinging Strike
0-1: Ball
1-1: Ball
2-1: Ball
3-1: Base on Balls
Batting: RHB Matt Williams 0-0: Called Strike
0-1: Called Strike
Danny Schultz steals 2nd base
0-2: Foul Ball, location: 2F
0-2: Ball
1-2: Ball
2-2: Strikes out swinging
Bottom of the 1st over - 0 runs, 0 hits, 0 errors, 1 left on base; University of Oklahoma 1 - University of Alabama 0
TOP OF THE 2ND
University of Oklahoma Sooners batting - Pitching for University of Alabama Crimson Tide : RHP Marco Soto
Batting: LHB Cameron Marinelli 0-0: Foul Ball, location: 2F
0-1: Called Strike
0-2: Foul Ball, location: 2F
0-2: Ball
1-2: Ball
2-2: Foul Ball, location: 2F
2-2: Ball
3-2: Ground out 5-3 (Groundball, 56, EV 82.5 MPH)
Batting: RHB Victor Borras 0-0: Swinging Strike
0-1: Ball
1-1: Ball
2-1: Foul Ball, location: 2F
2-2: SINGLE (Groundball, 34D, EV 93.8 MPH)
Batting: RHB Eric Peterson 0-0: Swinging Strike
0-1: Grounds into double play, 6-4-3 (Groundball, 6, EV 79.4 MPH)
Top of the 2nd over - 0 runs, 1 hit, 0 errors, 0 left on base; University of Oklahoma 1 - University of Alabama 0
BOTTOM OF THE 2ND
University of Alabama Crimson Tide batting - Pitching for University of Oklahoma Sooners : RHP Elliot Bolitho
Batting: RHB Juan Araiza 0-0: Called Strike
0-1: Ball
1-1: Ball
2-1: Ball
3-1: Ground out 5-3 (Groundball, 56S, EV 62.5 MPH)
Batting: LHB Yu-shu Ni 0-0: Ball
1-0: Called Strike
1-1: Ball
2-1: Swinging Strike
2-2: Strikes out swinging
Batting: RHB Hughie Withers 0-0: Foul Ball, location: 2F
0-1: Swinging Strike
0-2: Strikes out swinging
Bottom of the 2nd over - 0 runs, 0 hits, 0 errors, 0 left on base; University of Oklahoma 1 - University of Alabama 0
TOP OF THE 3RD
University of Oklahoma Sooners batting - Pitching for University of Alabama Crimson Tide : RHP Marco Soto
Batting: RHB Sam Mason 0-0: Foul Ball, location: 2F
0-1: Foul Ball, location: 2F
0-2: Foul Ball, location: 2F
0-2: Ball
1-2: Strikes out looking
Batting: LHB Alex Benabides 0-0: Called Strike
0-1: Ball
1-1: Bunt missed!
1-2: Foul Ball, location: 2F
1-2: SINGLE (Line Drive, 4D, EV 94.4 MPH)
Batting: RHB Jesus Montoya 0-0: Called Strike
0-1: Called Strike
Alex Benabides steals 2nd base
0-2: Foul Ball, location: 2F
0-2: Ball
1-2: Foul Ball, location: 2F
1-2: Ball
2-2: Foul Ball, location: 2F
2-2: Ground out U3 (Groundball, 3, EV 88.1 MPH)
Alex Benabides to third
Batting: RHB Jon Chatman 0-0: Ground out 6-3 (Groundball, 6, EV 78.8 MPH)
Top of the 3rd over - 0 runs, 1 hit, 0 errors, 1 left on base; University of Oklahoma 1 - University of Alabama 0
BOTTOM OF THE 3RD
University of Alabama Crimson Tide batting - Pitching for University of Oklahoma Sooners : RHP Elliot Bolitho
Batting: LHB Platon Protopsaltis 0-0: Called Strike
0-1: Foul Ball, location: 2F
0-2: Strikes out looking
Batting: RHB David Sanchez 0-0: Ball
1-0: Ball
2-0: Ball
3-0: Called Strike
3-1: Called Strike
3-2: Foul Ball, location: 2F
3-2: Base on Balls
Batting: RHB B.J. Clark 0-0: Fly out, F9 (Line Drive, 9D, EV 95.0 MPH)
Batting: LHB Brian Van 0-0: Called Strike
0-1: Swinging Strike
0-2: Ball
1-2: Ground out 2-3 (Groundball, 15S, EV 72.5 MPH)
Bottom of the 3rd over - 0 runs, 0 hits, 0 errors, 1 left on base; University of Oklahoma 1 - University of Alabama 0
TOP OF THE 4TH
University of Oklahoma Sooners batting - Pitching for University of Alabama Crimson Tide : RHP Marco Soto
Batting: LHB Alex Gutierrez 0-0: Ball
1-0: Foul Ball, location: 2F
1-1: Ball
2-1: Called Strike
2-2: Ball
3-2: Ground out U3 (Groundball, 3, EV 103.8 MPH)
Batting: RHB Ruben Arreola 0-0: Ball
1-0: Called Strike
1-1: Ball
2-1: Ground out U3 (Groundball, 13, EV 85.6 MPH)
Batting: LHB Cameron Marinelli 0-0: Called Strike
0-1: Ball
1-1: Ball
2-1: Swinging Strike
2-2: Ball
3-2: Foul Ball, location: 2F
3-2: Ground out U3 (Groundball, 3L, EV 85.0 MPH)
Top of the 4th over - 0 runs, 0 hits, 0 errors, 0 left on base; University of Oklahoma 1 - University of Alabama 0
BOTTOM OF THE 4TH
University of Alabama Crimson Tide batting - Pitching for University of Oklahoma Sooners : RHP Elliot Bolitho
Batting: LHB Danny Schultz 0-0: Foul Ball, location: 2F
0-1: Foul Ball, location: 2F
0-2: Ball
1-2: Ball
2-2: Foul Ball, location: 2F
2-2: Foul Ball, location: 2F
2-2: Strikes out swinging
Batting: RHB Matt Williams 0-0: Ground out 3-1 (Groundball, 34, EV 106.2 MPH)
Batting: RHB Juan Araiza 0-0: Foul Ball, location: 2F
0-1: Ball
1-1: Ball
2-1: Foul Ball, location: 2F
2-2: Fly out, F7 (Flyball, 7D, EV 95.0 MPH)
Bottom of the 4th over - 0 runs, 0 hits, 0 errors, 0 left on base; University of Oklahoma 1 - University of Alabama 0
TOP OF THE 5TH
University of Oklahoma Sooners batting - Pitching for University of Alabama Crimson Tide : RHP Marco Soto
Batting: RHB Victor Borras 0-0: Called Strike
0-1: Ground out 4-3 (Groundball, 4, EV 102.5 MPH)
Batting: RHB Eric Peterson 0-0: Called Strike
0-1: Ball
1-1: Ball
2-1: Fly out, F3 (Popup, 3S, EV 88.8 MPH)
Batting: RHB Sam Mason 0-0: Foul Ball, location: 2F
0-1: Ball
1-1: Ground out 1-3 (Groundball, 13, EV 65.6 MPH)
Top of the 5th over - 0 runs, 0 hits, 0 errors, 0 left on base; University of Oklahoma 1 - University of Alabama 0
BOTTOM OF THE 5TH
University of Alabama Crimson Tide batting - Pitching for University of Oklahoma Sooners : RHP Elliot Bolitho
Batting: LHB Yu-shu Ni 0-0: Ball
1-0: Ball
2-0: Called Strike
2-1: Ball
3-1: Base on Balls
Batting: RHB Hughie Withers 0-0: Called Strike
0-1: Foul Ball, location: 2F
0-2: Ball
1-2: Grounds into double play, 4-6-3 (Groundball, 4, EV 85.6 MPH)
Batting: LHB Platon Protopsaltis 0-0: Ball
1-0: Swinging Strike
1-1: Called Strike
1-2: Foul Ball, location: 2F
1-2: Ball
2-2: Ground out 4-3 (Groundball, 4, EV 95.0 MPH)
Bottom of the 5th over - 0 runs, 0 hits, 0 errors, 0 left on base; University of Oklahoma 1 - University of Alabama 0
TOP OF THE 6TH
University of Oklahoma Sooners batting - Pitching for University of Alabama Crimson Tide : RHP Marco Soto
Batting: LHB Alex Benabides 0-0: Ball
1-0: Called Strike
1-1: Called Strike
1-2: Foul Ball, location: 2F
1-2: Ball
2-2: Fly out, F8 (Flyball, 78D, EV 97.5 MPH)
Pitching: RHP Andrew Maldonado
Batting: RHB Jesus Montoya 0-0: Ball
1-0: Swinging Strike
1-1: Foul Ball, location: 2F
1-2: Strikes out swinging
Batting: RHB Jon Chatman 0-0: Ball
1-0: Ground out 6-3 (Groundball, 6, EV 81.2 MPH)
Top of the 6th over - 0 runs, 0 hits, 0 errors, 0 left on base; University of Oklahoma 1 - University of Alabama 0
BOTTOM OF THE 6TH
University of Alabama Crimson Tide batting - Pitching for University of Oklahoma Sooners : RHP Elliot Bolitho
Pitching: RHP Jose Merced
Batting: RHB David Sanchez 0-0: Ball
1-0: SINGLE (Flyball, 9LS, EV 92.5 MPH)
Batting: RHB B.J. Clark 0-0: Ball
1-0: Foul Ball, location: 2F
1-1: Foul Ball, location: 2F
1-2: Foul Ball, location: 2F
1-2: Reached on error, E6 (Groundball, 6, EV 90.6 MPH)
David Sanchez to second
Batting: LHB Brian Van 0-0: Called Strike
0-1: Ball
1-1: DOUBLE (Flyball, 8LXD, EV 106.2 MPH)
David Sanchez scores
B.J. Clark to third
Batting: LHB Danny Schultz 0-0: Intentional Walk
Batting: RHB Matt Williams 0-0: Fly out, F7 (Flyball, 78S, EV 85.6 MPH)
Batting: RHB Juan Araiza 0-0: Called Strike
0-1: Ball
1-1: Ball
2-1: Fly out, F7 (Flyball, 7LM, EV 93.1 MPH)
Runner from 3rd tags up, SCORES, no throw by LF
Batting: LHB Yu-shu Ni 0-0: Called Strike
0-1: Ball
1-1: Called Strike
1-2: Ball
2-2: SINGLE (Groundball, 6M, EV 88.1 MPH) (infield hit)
Brian Van to third
Danny Schultz to second
Batting: RHB Hughie Withers 0-0: Ball
1-0: Called Strike
1-1: Ball
2-1: Foul Ball, location: 2F
2-2: Strikes out swinging
Bottom of the 6th over - 2 runs, 3 hits, 1 error, 3 left on base; University of Oklahoma 1 - University of Alabama 2
TOP OF THE 7TH
University of Oklahoma Sooners batting - Pitching for University of Alabama Crimson Tide : RHP Andrew Maldonado
Batting: LHB Alex Gutierrez 0-0: Ball
1-0: Called Strike
1-1: Ball
2-1: SINGLE (Line Drive, 7S, EV 91.9 MPH)
Batting: RHB Ruben Arreola 0-0: Called Strike
0-1: Grounds into double play, 4-6-3 (Groundball, 4, EV 98.8 MPH)
Batting: LHB Cameron Marinelli 0-0: Ball
1-0: Swinging Strike
1-1: Swinging Strike
1-2: Strikes out swinging
Top of the 7th over - 0 runs, 1 hit, 0 errors, 0 left on base; University of Oklahoma 1 - University of Alabama 2
BOTTOM OF THE 7TH
University of Alabama Crimson Tide batting - Pitching for University of Oklahoma Sooners : RHP Jose Merced
Batting: LHB Platon Protopsaltis 0-0: Ground out 5-3 (Groundball, 56, EV 102.5 MPH)
Batting: RHB David Sanchez 0-0: Foul Ball, location: 2F
0-1: Ball
1-1: Ball
2-1: Swinging Strike
2-2: Foul Ball, location: 2F
2-2: Ground out 6-3 (Groundball, 6, EV 83.1 MPH)
Batting: RHB B.J. Clark 0-0: Swinging Strike
0-1: Ball
1-1: Ball
2-1: Ground out 5-3 (Groundball, 5, EV 100.0 MPH)
Bottom of the 7th over - 0 runs, 0 hits, 0 errors, 0 left on base; University of Oklahoma 1 - University of Alabama 2
TOP OF THE 8TH
University of Oklahoma Sooners batting - Pitching for University of Alabama Crimson Tide : RHP Andrew Maldonado
Batting: RHB Victor Borras 0-0: Ball
1-0: Ball
2-0: Called Strike
2-1: Swinging Strike
2-2: Ball
3-2: Foul Ball, location: 2F
3-2: Base on Balls
Pitching: RHP Danny Jaramillo
Batting: RHB Eric Peterson 0-0: Bunt - Flyout to 2R! F2
Batting: RHB Sam Mason 0-0: Foul Ball, location: 2F
0-1: Grounds into double play, 5-4-3 (Groundball, 5, EV 87.5 MPH)
Top of the 8th over - 0 runs, 0 hits, 0 errors, 0 left on base; University of Oklahoma 1 - University of Alabama 2
BOTTOM OF THE 8TH
University of Alabama Crimson Tide batting - Pitching for University of Oklahoma Sooners : RHP Jose Merced
Pitching: RHP Arjan van den Hurk
Batting: LHB Brian Van 0-0: Swinging Strike
0-1: Ball
1-1: Foul Ball, location: 2F
1-2: Ball
2-2: Strikes out looking
Batting: LHB Danny Schultz 0-0: Ball
1-0: Ball
2-0: Ball
3-0: Called Strike
3-1: Base on Balls
Batting: RHB Matt Williams 0-0: Ball
1-0: Ball
2-0: Foul Ball, location: 2F
2-1: Called Strike
2-2: Fly out, F8 (Flyball, 8LD, EV 108.8 MPH)
Batting: RHB Juan Araiza 0-0: Ball
1-0: Ball
2-0: Foul Ball, location: 2F
2-1: Ball
3-1: Fly out, F9 (Flyball, 89S, EV 87.5 MPH)
Bottom of the 8th over - 0 runs, 0 hits, 0 errors, 1 left on base; University of Oklahoma 1 - University of Alabama 2
TOP OF THE 9TH
University of Oklahoma Sooners batting - Pitching for University of Alabama Crimson Tide : RHP Danny Jaramillo
Pitching: RHP Luiz Schantz
Now at 1B: B.J. Clark
Now at 3B: Danny Rosario
Now in CF: Joe Blackwood
Batting: LHB Alex Benabides 0-0: Called Strike
0-1: Ball
1-1: Fly out, F7 (Flyball, 78M, EV 84.4 MPH)
Pinch Hitting: LHB Paul Mooris 0-0: Ball
1-0: Foul Ball, location: 2F
1-1: Foul Ball, location: 2F
1-2: Ball
2-2: Foul Ball, location: 2F
2-2: Fly out, F7 (Flyball, 7LM, EV 76.9 MPH)
Batting: RHB Jon Chatman 0-0: Ball
1-0: Swinging Strike
1-1: SINGLE (Line Drive, 7LS, EV 88.8 MPH)
Batting: LHB Alex Gutierrez 0-0: Ball
Jon Chatman steals 2nd base
1-0: Foul Ball, location: 2F
1-1: SINGLE (Flyball, 89S, EV 89.4 MPH)
Jon Chatman to third
Batting: RHB Ruben Arreola 0-0: Ball
1-0: Called Strike
1-1: Swinging Strike
1-2: Foul Ball, location: 2F
1-2: Ground out 4-3 (Groundball, 34, EV 87.5 MPH)
Top of the 9th over - 0 runs, 2 hits, 0 errors, 2 left on base; University of Oklahoma 1 - University of Alabama 2
Tuesday, March 28th , 2023 - OOTP Baseball 23.10 Build 110